 Dungeon Crawl Stone Soup version 0.17.2-1-ge4368a0 (webtiles) character file.

269417 Goblin1989 the Brawler (level 19, -11/154 (155) HPs)
             Began as a Demonspawn Monk on Nov 5, 2016.
             Was an Initiate of Gozag.
             Mangled by a stone giant (19 damage)
             ... on level 4 of the Vaults on Nov 6, 2016.
             The game lasted 02:58:09 (41398 turns).

Goblin1989 the Brawler (Demonspawn Monk)           Turns: 41398, Time: 02:58:10

HP:   -11/154 (155) AC: 37    Str: 20    XL:     19   Next: 78%
MP:   19/19         EV: 13    Int: 12    God:    Gozag
Gold: 1608          SH: 13    Dex: 15    Spells: 5 memorised, 4 levels left

rFire  + . .     SeeInvis +       - Unarmed
rCold  + . .     Clarity  .     C - +0 chain mail of Love and Death {rF+ MR+ rCorr SInv}
rNeg   . . .     SustAt   .     A - +0 shield {AC+3}
rPois  +         Gourm    .     V - +2 helmet of the Hidden Vale {rElec rPois rC- Slay+3}
rElec  +         Spirit   .     l - +1 cloak
rCorr  +         Warding  .     (gloves unavailable)
rMut   .         Stasis   .     O - +2 pair of boots
MR     ++...                    r - amulet of regeneration
Stlth  ..........               s - ring of see invisible
                                c - ring of protection from cold

@: marked, very resistant to hostile enchantments, extremely unstealthy
A: claws 3, icy blue scales 2, cold resistance 1, demonic guardian 1, icemail,
freezing cloud immunity
a: Potion Petition, Call Merchant, Bribe Branch, Renounce Religion
}: 1/15 runes: serpentine


You were on level 4 of the Vaults.
You worshipped Gozag.
Gozag was noncommittal.
You were not hungry.

You visited 7 branches of the dungeon, and saw 37 of its levels.
You also visited: Ice Cave.

You collected 17498 gold pieces.
You spent 4409 gold pieces at shops.
You paid 11481 gold pieces to Gozag.

Inventory:

Hand Weapons
 a - the +1 long sword of the Tundras {flame, Stlth+}
   (You found it on level 1 of the Elven Halls)

   It has been specially enchanted to burn those struck by it, causing extra
   injury to most foes and up to half again as much damage against particularly
   susceptible opponents.
   Big, fiery blades are also staple armaments of hydra-hunters.
   It makes you more stealthy.
Armour
 l - a +1 cloak (worn)
 A - a +0 shield of protection (worn)
 C - the +0 chain mail of Love and Death (worn) {rF+ MR+ rCorr SInv}
   (You found it on level 1 of the Elven Halls)

   It protects you from fire.
   It affects your resistance to hostile enchantments.
   It lets you see invisible.
   It protects you from acid and corrosion.
 O - a +2 pair of boots (worn)
 V - the +2 helmet of the Hidden Vale (worn) {rElec rPois rC- Slay+3}
   (You bought it in a shop on level 4 of the Lair of Beasts)

   It affects your accuracy and damage with ranged weapons and melee attacks
   (+3).
   It makes you vulnerable to cold.
   It insulates you from electricity.
   It protects you from poison.
Jewellery
 c - a ring of protection from cold (left claw)
 g - an uncursed amulet of resist corrosion
 j - an uncursed amulet of resist mutation
 r - an amulet of regeneration (around neck)
 s - a ring of see invisible (right claw)
 t - an uncursed ring of protection from cold
 G - an uncursed ring of fire
 K - a +3 ring of protection
Wands
 q - a wand of disintegration (5)
 I - a wand of digging (8)
 L - a wand of lightning (8)
 N - a wand of teleportation (2) {!v, @v4}
Scrolls
 d - 6 scrolls of remove curse {@r2}
 h - 7 scrolls of enchant weapon
 i - a scroll of silence {!r}
 k - 6 scrolls of immolation {!r}
 m - 3 scrolls of torment {!r}
 o - 2 scrolls of fog
 p - 6 scrolls of recharging
 B - 4 scrolls of blinking
 D - 6 scrolls of noise {!r}
 E - 5 scrolls of fear
 F - 2 scrolls of summoning
 H - 4 scrolls of enchant armour
 M - 4 scrolls of magic mapping
 R - 3 scrolls of identify {@r1}
 T - 17 scrolls of teleportation {!r, @r4}
Potions
 e - 7 potions of curing {@q1}
 f - 6 potions of flight
 n - a potion of cure mutation
 u - 5 potions of brilliance
 v - 3 potions of cancellation
 y - 3 potions of ambrosia {!q}
 Q - a potion of might
 S - 4 potions of heal wounds {!q, @q2}
 U - a potion of magic {unknown}
 X - 4 potions of agility
Books
 w - the Catalogue of Protection
   (You found it on level 8 of the Lair of Beasts)

   Spells                             Type                      Level
   a - Infusion                       Charms                       1
   b - Regeneration                   Charms/Necromancy            3
   c - Haste                          Charms                       6
   d - Ring of Flames                 Charms/Fire                  7
 x - a book of Spatial Translocations

   Spells                             Type                      Level
   a - Apportation                    Translocation                1
   b - Blink                          Translocation                2
   c - Shroud of Golubria             Charms/Translocation         2
   d - Portal Projectile              Translocation                3
   e - Teleport Other                 Translocation                3
   f - Passage of Golubria            Translocation                4
Miscellaneous
 z - a phial of floods
 J - a fan of gales
 P - a phantom mirror
Comestibles
 b - 16 bread rations {@e1}


   Skills:
 + Level 15.4 Fighting
 - Level 11.7 Armour
 + Level 12.6 Dodging
 - Level 1.7 Stealth
 + Level 12.9 Shields
 * Level 20.9 Unarmed Combat


You had 4 spell levels left.
You knew the following spells:

 Your Spells              Type           Power        Failure   Level  Hunger
a - Stoneskin             Trmt/Erth      #.......     100%        2    ###....
h - Shroud of Golubria    Chrm/Tloc      #.........   100%        2    ###....
o - Apportation           Tloc           #.........   100%        1    ##.....
R - Regeneration          Chrm/Necr      #.........   100%        3    ####...
Y - Statue Form           Trmt/Erth      #........    100%        6    #######


Dungeon Overview and Level Annotations

Branches:
Dungeon (15/15)            Temple (1/1) D:5            Lair (8/8) D:8
 Shoals (0/4) Lair:3        Snake (4/4) Lair:6        Slime (0/6) Lair:7
    Orc (4/4) D:10            Elf (1/3) Orc:4        Vaults (4/5) D:13
  Crypt (0/3) Vaults:3     Depths (0/5) D:15

Altars:
Ashenzari
Cheibriados
Dithmenos
Elyvilon
Fedhas
Gozag
Kikubaaqudgha
Nemelex Xobeh
Okawaru
Qazlal
Ru
Sif Muna
Trog
Xom
Yredelemnul
Zin
The Shining One
Beogh
Jiyva

Shops:
D:13 [   D:14 *   Orc:3 [?[   Orc:4 [(*:[   Lair:4 [[   Snake:3 [   Vaults:1 [
Vaults:2 (   Vaults:3 [

Annotations:
D:15 Roxanne


Innate Abilities, Weirdness & Mutations

You have claws for hands.
You are mostly covered in icy blue scales (AC +3, EV -1).
Your flesh is cold resistant.
A weak demonic guardian rushes to your aid.
A meltable icy envelope protects you from harm (AC +10).
You are immune to freezing clouds.


Message History

* * * LOW HITPOINT WARNING * * *
Your quasit barely misses the ogre.
Your quasit claws the ogre.
Your quasit claws the ogre but does no damage.
The orc knight roars a battlecry!
The orc goes into a battle-frenzy!
The orc knight hits you but does no damage.
The orc wizard is distracted by the nearby gold. x2
The ogre hits your quasit with a giant club.
Your iron imp hits the orc knight!
The orc wizard shouts! x2
You take 14 damage, and have 12/154 hp.
You claw the orc knight!
The orc knight is severely wounded.
Your quasit closely misses the ogre.
Your quasit claws the ogre but does no damage.
Your quasit claws the ogre.
The orc hits you.
* * * LOW HITPOINT WARNING * * *
The stone giant hits you!!
You die...
Your body crumbles into a pile of gold.

.......(.....█
..>..........█
.............███
█.............██
█.............█
█.............█
██....co$......█
██.....CO5.....█
......o@.....███
......ooo.<..█
......5..^...█
.............█
████.....█████
█.....█ ██...██
█∆███


You could see a stone giant, a yaktaur captain, an orc knight, an ogre, 2 orc
wizards, 2 orcs, a friendly iron imp and a friendly quasit.

Vanquished Creatures
  Mennas (Vaults:2)
  Rupert (Lair:8)
  10 greater nagas
  Wiglaf (Vaults:2)
  Maud (Lair:4)
  9 vault wardens
  A deep elf sorcerer (Vaults:2)
  Aizul (Snake:2)
  An orc warlord (Orc:4)
  3 very ugly things (Vaults:1)
  6 ironheart preservers
  A stone giant (Vaults:3)
  Nessos (D:15)
  A deep elf demonologist (Vaults:1)
  A salamander stormcaller (Vaults:3)
  3 ettins
  The ghost of Goblin1989 the Severer, a journeyman HOFi of Gozag (IceCv)
  Snorg (Lair:5)
  2 vault guards
  A fire dragon (Lair:6)
  7 ogre magi
  4 yaktaur captains
  An ice dragon (Vaults:2)
  A great orb of eyes (Vaults:2)
  12 naga warriors
  10 hydras
  9 anacondas
  4 catoblepae (Lair:8)
  8 centaur warriors
  41 death yaks
  21 naga sharpshooters
  10 shock serpents
  Urug (Orc:1)
  3 deep elf knights
  An orc high priest (Orc:4)
  Sonja (D:15)
  A shadow wraith (Vaults:4)
  A giant orange brain (Vaults:3)
  3 salamander mystics
  5 skeletal warriors
  2 sea snakes (Snake:2)
  3 unseen horrors
  The ghost of Goblin1989 the Gouger, a novice FeTm of Makhleb (IceCv)
  A fire crab (Vaults:2)
  A storm dragon skeleton (Vaults:3)
  A deep elf summoner (Vaults:2)
  A deep troll (Vaults:4)
  A death drake (shapeshifter) (Vaults:3)
  6 naga ritualists
  5 harpies
  9 mana vipers
  2 deep elf conjurers
  3 necromancers
  4 lindwurms (Lair:8)
  5 griffons
  6 hill giants
  15 ironbrand convokers
  22 ugly things
  A tengu skeleton (Vaults:3)
  3 wolf spiders
  12 orc knights
  13 slime creatures
  7 cyclopes
  A manticore (D:15)
  A hornet (Vaults:2)
  A hornet (shapeshifter) (Elf:1)
  43 black mambas
  9 human skeletons
  32 naga magi
  A siren (Lair:3)
  Maurice (Orc:4)
  5 orc sorcerers (Orc:4)
  4 guardian serpents
  5 elephants
  Joseph (D:8)
  12 vault sentinels
  18 salamanders
  3 ice statues (IceCv)
  15 spiny frogs
  5 orange demons (D:14)
  A torpor snail (shapeshifter) (D:14)
  6 komodo dragons
  33 yaktaurs
  An orc skeleton (Vaults:3)
  3 kobold demonologists
  A fire drake (Lair:7)
  An efreet (D:14)
  A yaktaur (shapeshifter) (Vaults:3)
  4 deep elf priests
  3 red devils (D:14)
  A redback zombie (Vaults:3)
  A polar bear (Lair:8)
  2 yaktaur skeletons (Vaults:3)
  6 trolls
  A freezing wraith (Vaults:3)
  A trapdoor spider zombie (D:14)
  12 two-headed ogres
  An ettin zombie (Vaults:2)
  18 blink frogs
  A jumping spider (shapeshifter) (Vaults:2)
  A raiju (shapeshifter) (Vaults:2)
  7 deep elf magi
  2 hungry ghosts
  A wyvern (D:14)
  3 deep elf fighters
  53 yaks
  14 hippogriffs
  16 humans (D:13)
  20 vampire mosquitoes
  7 basilisks
  4 wraiths
  3 mottled dragons
  The ghost of Goblin1989 the Insei, an amateur OpTm (D:3)
  5 porcupines
  12 wargs
  50 nagas
  15 wolves
  14 water moccasins
  2 black bears
  4 sky beasts
  2 deep troll skeletons
  A wasp (D:14)
  41 orc warriors
  3 soldier ants
  A necrophage (D:9)
  4 phantoms
  8 ice beasts
  2 eyes of draining
  32 ogres
  24 centaurs
  A brain worm (D:14)
  17 giant frogs
  Blork the orc (Orc:4)
  19 crocodiles
  2 big kobolds
  A wyvern zombie (D:8)
  A human simulacrum (Vaults:2)
  2 water moccasin skeletons
  2 wyvern skeletons
  5 scorpions
  6 killer bees
  10 wights
  2 electric eels (Snake:2)
  5 crimson imps
  9 hounds
  8 centaur zombies
  22 orc priests
  4 iguanas
  6 jellies
  A wasp zombie (D:6)
  A giant frog skeleton (D:8)
  5 centaur skeletons
  36 orc wizards
  10 worker ants
  A killer bee zombie (D:9)
  28 sheep
  A hound zombie (D:8)
  47 river rats
  2 worker ant zombies
  2 shadow imps
  3 adders
  12 white imps (Orc:3)
  2 oozes (D:1)
  An adder zombie (D:8)
  An adder skeleton (D:5)
  2 giant geckos
  177 orcs
  3 giant cockroaches
  12 goblins
  4 hobgoblins
  23 jackals
  6 quokkas
  2 ball pythons
  7 bats
  3 giant newts
  19 kobolds
  2 quokka skeletons
  9 rats
  A spectral orc (D:4)
  4 fire vortices (Vaults:3)
  A fungus (Lair:5)
1473 creatures vanquished.

Vanquished Creatures (collateral kills)
  A deep elf annihilator (Vaults:2)
  2 ogre magi
  A hydra (Lair:8)
  A death yak (Lair:8)
  A naga sharpshooter (Snake:4)
  An ugly thing (Vaults:1)
  A siren (Lair:3)
  A yaktaur (Vaults:2)
  A two-headed ogre (Vaults:1)
  4 blink frogs
  A basilisk (Lair:7)
  A human (shapeshifter) (Elf:1)
  4 yaks (Lair:7)
  3 ogres
  A giant frog (D:8)
  2 killer bees (D:9)
  An orc wizard (Orc:1)
  An iguana (D:8)
  A sheep (Vaults:2)
  A river rat (Lair:5)
  6 orcs
36 creatures vanquished.

Vanquished Creatures (others)
  A black mamba (Snake:2)
  A bush (Lair:7)
  22 fungi
  22 plants
46 creatures vanquished.

Grand Total: 1555 creatures vanquished

Notes
Turn   | Place    | Note
--------------------------------------------------------------
     0 | D:1      | Goblin1989 the Demonspawn Monk began the quest for the Orb.
     0 | D:1      | Reached XP level 1. HP: 18/18 MP: 1/1
   172 | D:1      | Reached skill level 4 in Unarmed Combat
   184 | D:1      | Gained mutation: Your flesh is cold resistant. [demonic ancestry]
   184 | D:1      | Reached XP level 2. HP: 24/24 MP: 2/2
   532 | D:1      | Reached XP level 3. HP: 16/29 MP: 3/3
   799 | D:2      | Found a bloodstained altar of Trog.
  1134 | D:2      | Found a blossoming altar of Fedhas.
  1142 | D:2      | Reached skill level 1 in Armour
  1576 | D:2      | Reached XP level 4. HP: 35/35 MP: 4/4
  1861 | D:3      | Noticed Goblin1989's ghost (amateur OpTm)
  1911 | D:3      | HP: 1/35 [Goblin1989's ghost (2)]
  1912 | D:3      | Killed Goblin1989's ghost
  1912 | D:3      | Reached skill level 5 in Unarmed Combat
  1912 | D:3      | Gained mutation: You are immune to freezing clouds. [demonic ancestry]
  1912 | D:3      | Reached XP level 5. HP: 1/41 MP: 5/5
  2735 | D:4      | Reached skill level 6 in Unarmed Combat
  2735 | D:4      | Gained mutation: You have sharp fingernails. [demonic ancestry]
  2735 | D:4      | Reached XP level 6. HP: 40/47 MP: 6/6
  3030 | D:4      | Found a basalt altar of Yredelemnul.
  3456 | D:5      | Entered Level 5 of the Dungeon
  3489 | D:5      | Found a staircase to the Ecumenical Temple.
  3502 | Temple   | Entered the Ecumenical Temple
  3568 | Temple   | Became a worshipper of Gozag Ym Sagoz the Greedy
  3590 | D:5      | Found an ancient bone altar of Kikubaaqudgha.
  3603 | D:5      | Reached skill level 7 in Unarmed Combat
  3603 | D:5      | Reached XP level 7. HP: 24/52 MP: 7/7
  3930 | D:6      | Reached skill level 8 in Unarmed Combat
  4285 | D:6      | Gained mutation: You have very sharp fingernails. [demonic ancestry]
  4285 | D:6      | Reached XP level 8. HP: 52/58 MP: 8/8
  4456 | D:6      | Reached skill level 9 in Unarmed Combat
  5078 | D:7      | Reached skill level 10 in Unarmed Combat
  5196 | D:7      | Found a shattered altar of Ashenzari.
  5533 | D:9      | Gained mutation: A weak demonic guardian rushes to your aid. [demonic ancestry]
  5533 | D:9      | Reached XP level 9. HP: 47/63 MP: 9/9
  5991 | D:9      | Noticed a troll
  6202 | D:8      | Noticed an elephant
  6203 | D:8      | Found a staircase to the Lair.
  6238 | D:8      | Killed an elephant
  6238 | D:8      | Reached skill level 11 in Unarmed Combat
  6316 | D:8      | Noticed Joseph
  6343 | D:8      | Killed Joseph
  6611 | D:9      | Killed a troll
  7166 | D:9      | Noticed a two-headed ogre
  7167 | D:9      | Killed a two-headed ogre
  7167 | D:9      | Reached XP level 10. HP: 71/73 MP: 10/10
  7224 | D:10     | Entered Level 10 of the Dungeon
  7358 | D:10     | Reached skill level 5 in Fighting
  7358 | D:10     | Reached skill level 5 in Armour
  7464 | D:10     | Reached skill level 5 in Dodging
  7464 | D:10     | Reached skill level 12 in Unarmed Combat
  7546 | D:10     | Found a staircase to the Orcish Mines.
  7796 | Orc:1    | Entered Level 1 of the Orcish Mines
  7954 | Orc:1    | Noticed Urug
  7994 | Orc:1    | Killed Urug
  8951 | Orc:3    | Found Boaclyni's Armour Boutique.
  8978 | Orc:3    | Bought the cursed +0 chain mail of Fortification {MR+ Regen+ Str-3 Dex+4} for 259 gold pieces
  8982 | Orc:3    | Noticed an orc knight
  8984 | Orc:3    | Found a frozen archway.
  8984 | Orc:3    | Found Nienoom's Magic Scroll Emporium.
  8995 | Orc:3    | Killed an orc knight
  8995 | Orc:3    | Gained mutation: A meltable icy envelope protects you from harm (AC +10). [demonic ancestry]
  8995 | Orc:3    | Reached XP level 11. HP: 38/83 MP: 11/11
  9046 | Orc:3    | Bought a scroll of blinking for 112 gold pieces
  9046 | Orc:3    | Bought a scroll of recharging for 142 gold pieces
  9046 | Orc:3    | Bought a scroll of summoning for 142 gold pieces
  9046 | Orc:3    | Bought a scroll of immolation for 52 gold pieces
  9046 | Orc:3    | Bought a scroll of teleportation for 45 gold pieces
  9046 | Orc:3    | Bought a scroll of vulnerability for 112 gold pieces
  9046 | Orc:3    | Bought a scroll of noise for 15 gold pieces
  9046 | Orc:3    | Bought a scroll of identify for 30 gold pieces
  9055 | IceCv    | Entered an ice cave
  9055 | IceCv    | Noticed Goblin1989's ghost (journeyman HOFi)
  9059 | IceCv    | Noticed Goblin1989's ghost (novice FeTm)
  9068 | IceCv    | Killed Goblin1989's ghost
  9093 | IceCv    | Killed Goblin1989's ghost
  9204 | IceCv    | Reached skill level 13 in Unarmed Combat
  9289 | IceCv    | Identified a +8 rod of the swarm (13/13) (You found it in an ice cave)
  9329 | Orc:3    | Found Fekecats's Armour Boutique.
  9550 | Orc:3    | Found Urocs's Gadget Shop.
  9642 | Orc:3    | Found Goynogoh's Food Shoppe.
  9689 | Orc:3    | Bought 3 fruits for 63 gold pieces
  9689 | Orc:3    | Bought a meat ration for 70 gold pieces
  9689 | Orc:3    | Bought a bread ration for 70 gold pieces
  9689 | Orc:3    | Bought a slice of pizza for 21 gold pieces
  9689 | Orc:3    | Bought a bread ration for 70 gold pieces
 10278 | Lair:1   | Entered Level 1 of the Lair of Beasts
 10400 | Lair:1   | Learned a level 6 spell: Statue Form
 10403 | Lair:1   | Learned a level 2 spell: Stoneskin
 11223 | Lair:2   | Reached XP level 12. HP: 90/92 MP: 12/12
 11964 | Lair:3   | Reached skill level 14 in Unarmed Combat
 12437 | Lair:3   | Found a staircase to the Shoals.
 12801 | Lair:4   | Bought the +1 plate armour of Forking Paths {rElec rF+ rN+ Str-2} for 686 gold pieces
 12801 | Lair:4   | Bought the +2 helmet of the Hidden Vale {rElec rPois rC- Slay+3} for 536 gold pieces
 12901 | Lair:4   | Noticed Maud
 12919 | Lair:4   | Killed Maud
 13031 | Lair:4   | Got a warped dagger
 13032 | Lair:4   | Identified the cursed +1 dagger of Defiance {freeze, Str+3 Int+5 Dex-2 SInv} (You found it on level 4 of the Lair of Beasts)
 13147 | Lair:4   | Noticed a five-headed hydra
 13153 | Lair:4   | Killed a five-headed hydra
 13833 | Lair:5   | Gained mutation: You are partially covered in icy blue scales (AC +1). [demonic ancestry]
 13833 | Lair:5   | Reached XP level 13. HP: 20/101 MP: 13/13
 14128 | Lair:5   | Noticed a seven-headed hydra
 14130 | Lair:5   | Noticed a four-headed hydra
 14134 | Lair:5   | Killed a seven-headed hydra
 14141 | Lair:5   | Killed a four-headed hydra
 14693 | Lair:5   | Reached skill level 15 in Unarmed Combat
 15029 | Lair:5   | Noticed a four-headed hydra
 15033 | Lair:5   | Reached skill level 10 in Fighting
 15048 | Lair:5   | Killed a four-headed hydra
 15122 | Lair:5   | Noticed Snorg
 15134 | Lair:5   | Killed Snorg
 15489 | Lair:6   | Found a staircase to the Snake Pit.
 15504 | Lair:6   | Reached skill level 1 in Shields
 15822 | Lair:6   | Learned a level 1 spell: Apportation
 15825 | Lair:6   | Learned a level 2 spell: Shroud of Golubria
 16664 | Lair:7   | Found a staircase to the Slime Pits.
 16664 | Lair:7   | Found a viscous altar of Jiyva.
 16870 | Lair:7   | Reached XP level 14. HP: 104/111 MP: 14/14
 17380 | Lair:7   | Reached skill level 5 in Shields
 17785 | Lair:8   | Entered Level 8 of the Lair of Beasts
 17941 | Lair:8   | Noticed Rupert
 18098 | Lair:8   | Killed Rupert
 18098 | Lair:8   | Reached skill level 10 in Armour
 18098 | Lair:8   | Reached skill level 16 in Unarmed Combat
 18917 | Lair:8   | Identified the Catalogue of Protection
 19117 | Lair:8   | Gained mutation: You have claws for hands. [demonic ancestry]
 19117 | Lair:8   | Reached XP level 15. HP: 88/119 MP: 15/15
 19842 | Orc:4    | Entered Level 4 of the Orcish Mines
 20268 | Orc:4    | Noticed Maurice
 20273 | Orc:4    | Killed Maurice
 20409 | Orc:4    | Noticed Blork the orc
 20423 | Orc:4    | Killed Blork the orc
 20424 | Orc:4    | Found a roughly hewn altar of Beogh.
 20456 | Orc:4    | Found Etaing's Antique Armour Shop.
 20490 | Orc:4    | Found Uvoaloav's General Store.
 20557 | Orc:4    | Bought a scroll of magic mapping for 52 gold pieces
 20557 | Orc:4    | Bought a potion of agility for 60 gold pieces
 20557 | Orc:4    | Bought 2 scrolls of identify for 60 gold pieces
 20566 | Orc:4    | Found Ajaa's Book Shop.
 20734 | Orc:4    | Found a staircase to the Elven Halls.
 20784 | Orc:4    | Found Izatumo's Antique Weapon Shop.
 20842 | Orc:4    | Paralysed by an orc sorcerer for 4 turns
 20874 | Orc:4    | Bought a +0 shield of protection for 149 gold pieces
 20917 | Orc:4    | Learned a level 3 spell: Regeneration
 21095 | D:11     | Reached skill level 17 in Unarmed Combat
 22533 | D:13     | Found Vefuetei's Antique Armour Emporium.
 22803 | D:13     | Found a gate to the Vaults.
 23512 | D:14     | Found an opulent altar of Gozag.
 23568 | D:14     | Reached XP level 16. HP: 114/127 MP: 16/16
 24352 | D:15     | Entered Level 15 of the Dungeon
 24702 | D:15     | Noticed Roxanne
 24708 | D:15     | Noticed Sonja
 25041 | D:15     | Killed Sonja
 25112 | D:15     | Found a staircase to the Depths.
 25215 | D:14     | Bought a meat ration for 60 gold pieces
 25215 | D:14     | Bought a meat ration for 60 gold pieces
 25215 | D:14     | Bought a bread ration for 60 gold pieces
 25215 | D:14     | Bought a bread ration for 60 gold pieces
 25215 | D:14     | Bought a bread ration for 60 gold pieces
 25215 | D:14     | Bought a slice of pizza for 18 gold pieces
 25215 | D:14     | Bought a bread ration for 60 gold pieces
 25215 | D:14     | Bought a beef jerky for 18 gold pieces
 25215 | D:14     | Bought a bread ration for 60 gold pieces
 25215 | D:14     | Bought a bread ration for 60 gold pieces
 25638 | Snake:1  | Entered Level 1 of the Snake Pit
 25839 | Snake:1  | HP: 3/129 [mana viper (14)]
 26433 | Snake:1  | Reached skill level 18 in Unarmed Combat
 26683 | Snake:2  | Noticed Aizul
 26704 | Snake:2  | Killed Aizul
 27461 | Orc:3    | Bought the +2 ring mail of Patience {-Tele MR+++ Int+5} for 482 gold pieces
 27717 | Elf:1    | Entered Level 1 of the Elven Halls
 27855 | Elf:1    | Identified a scroll of acquirement
 27865 | Elf:1    | Got an ancient large shield
 27876 | Elf:1    | Identified the +0 large shield of the Other World {Int+3} (You acquired it on level 1 of the Elven Halls)
 27916 | Elf:1    | Got a warped long sword
 27917 | Elf:1    | Identified the cursed +1 long sword of the Tundras {flame, Stlth+} (You found it on level 1 of the Elven Halls)
 27948 | Elf:1    | Got a polished chain mail
 27961 | Elf:1    | Identified the +0 chain mail of Love and Death {rF+ MR+ rCorr SInv} (You found it on level 1 of the Elven Halls)
 28679 | Snake:2  | Reached skill level 10 in Shields
 29662 | Snake:3  | Gained mutation: You are mostly covered in icy blue scales (AC +3, EV -1). [demonic ancestry]
 29662 | Snake:3  | Reached XP level 17. HP: 101/136 MP: 17/17
 30806 | Snake:3  | Bought a smelly scale mail for 333 gold pieces
 30816 | Snake:3  | Identified the cursed +0 scale mail of the Beggar {rPois Str+7 Int-2} (You bought it in a shop on level 3 of the Snake Pit)
 30828 | Snake:3  | Bought a shiny shield for 166 gold pieces
 30844 | Snake:4  | Entered Level 4 of the Snake Pit
 30881 | Snake:4  | Reached skill level 10 in Dodging
 31659 | Snake:4  | Reached skill level 19 in Unarmed Combat
 32567 | Snake:4  | Got a serpentine rune of Zot
 33459 | Snake:4  | Reached XP level 18. HP: 115/146 MP: 18/18
 33564 | Snake:3  | Bought a shiny shield for 166 gold pieces
 34204 | D:15     | Noticed Nessos
 34243 | D:15     | Killed Nessos
 35482 | Vaults:1 | Entered Level 1 of the Vaults
 36021 | Vaults:1 | Found a bloodstained altar of Trog.
 36961 | Vaults:1 | Reached skill level 20 in Unarmed Combat
 38119 | Vaults:2 | Noticed Mennas
 38298 | Vaults:2 | Reached XP level 19. HP: 154/154 MP: 19/19
 38347 | Vaults:2 | Killed Mennas
 38686 | Vaults:2 | Reached skill level 15 in Fighting
 38716 | Vaults:2 | Noticed Wiglaf
 39270 | Vaults:2 | Killed Wiglaf
 39487 | Vaults:2 | Found Cetorion's Antique Weapon Shop.
 41220 | Vaults:3 | Found a staircase to the Crypt.
 41398 | Vaults:4 | Mangled by a stone giant

Action                   |  1- 3 |  4- 6 |  7- 9 | 10-12 | 13-15 | 16-18 | 19-21 || total
-------------------------+-------+-------+-------+-------+-------+-------+-------++-------
Melee: Unarmed           |   164 |   232 |   359 |  1006 |  1690 |  1956 |   630 ||  6037
       Long sword        |       |       |       |       |       |     7 |       ||     7
Invok: Potion Petition   |       |       |       |     2 |     2 |     1 |     1 ||     6
       Call Merchant     |       |       |       |     2 |     1 |     4 |     1 ||     8
Evoke: Wand              |       |       |     3 |    11 |     5 |     8 |       ||    27
  Use: Potion            |       |     3 |     2 |     2 |     4 |     6 |     2 ||    19
       Scroll            |       |       |     8 |     8 |     8 |    16 |     2 ||    42
 Stab: Distracted        |       |       |     4 |     7 |    20 |    22 |     9 ||    62
       Confused          |       |       |     2 |       |       |       |       ||     2
       Invisible         |       |       |       |    10 |     8 |       |       ||    18
       Petrified         |       |       |       |       |     2 |       |       ||     2
  Eat: Chunk             |     1 |     7 |       |       |       |       |       ||     8
       Pizza             |       |       |     2 |     3 |     3 |     3 |       ||    11
       Beef jerky        |       |       |     3 |     1 |       |     2 |       ||     6
       Meat ration       |       |       |     2 |     1 |     2 |     9 |     1 ||    15
       Fruit             |       |       |     1 |    13 |    23 |     4 |     3 ||    44
       Bread ration      |       |       |       |     1 |     2 |     2 |     2 ||     7
       Royal jelly       |       |       |       |       |     2 |       |       ||     2

Vault maps used:
D:1:      dpeg_arrival_tiny_a
D:2:      bloody_trog, fedhas_altar_3
D:3:      minivault_5
D:4:      yredelemnul_forgotten_temple_becter, first_bread,
          minmay_misc_feat_pillars, st_stairs_12
D:5:      grunt_temple_overflow_lords_of_destruction, overflow_temple_1_default,
          minmay_temple_entry_purple_smoke
D:7:      cheibrodos_ashenzari_chains
D:8:      david_lair_generic, the_bakery, uniq_joseph
D:9:      library_closet
D:11:     minivault_27
D:13:     david_vaults_3, serial_shops, kennysheep_mini_moat
D:14:     serial_park_paths, basic_altar, minmay_beelzebubs_servants
D:15:     hangedman_depths_entry_try_elsewhere_first, minmay_misc_feat_encased,
          uniq_nessos, uniq_sonja, uniq_roxanne
Temple:   circular_temple_13
Lair:1:   grunt_forest_small_clearings
Lair:2:   minmay_holes, st_stairs_5, cheibrodos_lair_caveside_slide
Lair:3:   elwin_shoals_entry_rooms, hibernation_bobbens, serial_bayou_shore_b,
          lemuel_fruit_tree
Lair:4:   boulder_dual_corridor_run, uniq_maud
Lair:5:   uniq_snorg
Lair:6:   dragon1_lemuel, dummy_snake_entry
Lair:7:   slime_altar_1, hangedman_lair_unloving_vines
Lair:8:   evilmike_catoblepas_cave, minmay_lindwurm_lava, uniq_rupert
Snake:2:  serial_bayou_shore_a, uniq_aizul
Snake:4:  snake_pit
Orc:1:    uniq_urug
Orc:3:    serial_shops, shop_fountains, shop, nicolae_shop_crystal, shop,
          shop_statue, portal_ice_cave_entry_imps, nicolae_orc_pool_cavern,
          mines5_lemuel
Orc:4:    grunt_orc_cross, uniq_maurice
Elf:1:    kennysheep_oblong_rooms, minivault_28
Vaults:1: hangedman_vaults_nodes, v_alt_pattern_3, v_alt_pattern_5, v_misc_23,
          v_misc_27, v_rooms_4, vaults_room_pools,
          hangedman_vaults_stretched_pinwheel, v_pattern_1, basic_altar
Vaults:2: hangedman_vaults_maws, vaults_mumra_lcd, v_misc_23, v_rooms_1,
          hangedman_vaults_trim, nicolae_vaults_fighting_squares,
          ontoclasm_vaults_fault, nicolae_vaults_diagonal_hallway_7, v_misc_8,
          nicolae_vaults_big_ls, ontoclasm_vaults_shuriken, vaults_room_grid,
          v_pattern_5, ontoclasm_vaults_gateway, vaults_dpeg_diagonal,
          serial_shops, nicolae_shop_overgrown_old_shop, uniq_wiglaf,
          uniq_mennas
Vaults:3: nicolae_vaults_theta, vaults_room_door_hall,
          minmay_crypt_entry_skeletal_spiral, vaults_room_corners, v_misc_26,
          nicolae_vaults_little_ls, nicolae_vaults_diagonal_hallway_9,
          st_more_cells, nicolae_vaults_yaktaur_gun_rack,
          vaults_dpeg_encased_lava
Vaults:4: nicolae_vaults_display_case, v_rooms_3,
          vaults_mumra_minichess_inversion, nicolae_vaults_little_squares_3,
          vaults_dpeg_doors, hangedman_vaults_variations,
          ontoclasm_vaults_ring_large, vaults_room_semicircle,
          nicolae_vaults_puzzle_piece, ontoclasm_vaults_claustrophobia,
          nicolae_vaults_border_crossing, v_misc_19,
          nicolae_vaults_puzzle_piece, vaults_room_stairs_pillars,
          hangedman_vaults_stretched_pinwheel
IceCv:    ice_cave_statue_garden_02
